 Dungeon Crawl Stone Soup version 0.29.0-11-gd7f09526c8 (webtiles) character file.

Game seed: 7473081622951258773

1422 SensoryNuts the Chopper (level 8, -2/60 HPs)
             Began as a Demonspawn Fighter on Sept 6, 2022.
             Succumbed to a gnoll sergeant's poison
             ... on level 5 of the Dungeon.
             The game lasted 00:05:08 (6850 turns).

SensoryNuts the Chopper (Demonspawn Fighter)        Turns: 6850, Time: 00:05:09

Health: -2/60      AC: 19    Str: 19      XL:     8   Next: 44%
Magic:  6/8        EV:  4    Int:  9      God:
Gold:   263        SH:  8    Dex: 12 (13) Spells: 7/7 levels left

rFire   + . .      SeeInvis .   a - +0 war axe
rCold   . . .      Faith    .   j - +0 kite shield
rNeg    . . .      Spirit   +   e - +0 plate armour
rPois   .          Reflect  .   (helmet unavailable)
rElec   .          Harm     .   (no cloak)
rCorr   .          Rampage  .   (no gloves)
Will    .....                   k - +0 pair of boots
Stlth   ..........              l - amulet of guardian spirit
HPRegen 0.20/turn               c - ring of protection from fire
MPRegen 0.11/turn               h - +4 ring of protection

@: lethally poisoned (-2 -> -13)
A: horns 3, molten scales 1, camouflage 1, deterioration 1
a: no special abilities


You were on level 5 of the Dungeon.
You visited 1 branch of the dungeon, and saw 5 of its levels.

You collected 263 gold pieces.

Inventory:

Hand Weapons
 a - a +0 war axe (weapon)
Missiles
 n - a throwing net (quivered)
Armour
 e - a +0 plate armour (worn)
 j - a +0 kite shield (worn)
 k - a +0 pair of boots (worn)
Jewellery
 b - a ring of resist corrosion
 c - a ring of protection from fire (left hand)
 g - an amulet of the acrobat
 h - a +4 ring of protection (right hand)
 l - an amulet of guardian spirit (around neck)
 o - a ring of protection from fire
Wands
 d - a wand of iceblast (13)
Scrolls
 i - 2 scrolls of identify
Potions
 f - 2 potions of flight
 m - 2 potions of brilliance


   Skills:
 + Level 4.3 Fighting
 * Level 7.7 Axes
 + Level 4.6 Armour
 + Level 1.0 Dodging
 + Level 4.0 Shields


You had 7 spell levels left.
You didn't know any spells.
Your spell library was empty.

Dungeon Overview and Level Annotations

Branches:
Dungeon (5/15)
 Temple: D:4-7

Altars:
Ashenzari
Fedhas
Qazlal
Ru
Trog
Uskayaw
Wu Jian

Annotations:
D:4 3 runed translucent doors, Pooter's ghost, novice MiMo


Innate Abilities, Weirdness & Mutations

You have a pair of large horns on your head.
You are partially covered in molten scales. (AC +2)
Your skin changes colour to match your surroundings (Stealth+).
Your body sometimes deteriorates upon taking damage.


Message History

You are more poisoned.
You hit the gnoll sergeant.
The gnoll sergeant is severely wounded.
You hit the gnoll. You hit the gnoll but do no damage.
Your body deteriorates!
You feel clumsy.
You feel extremely sick.
The gnoll sergeant hits you with a +0 trident of venom.
You are more poisoned.
You block the gnoll's attack. x2
You are too injured to fight recklessly!
Unknown command.
You are too injured to fight recklessly!
Unknown command.
You are too injured to fight recklessly!
Okay, then.
Okay, then.
You slash the gnoll sergeant!
You kill the gnoll sergeant!
You hit the gnoll. You slash the gnoll!
You kill the gnoll!
* * * LOW HITPOINT WARNING * * *
You feel extremely sick. You block the gnoll's attack.
Your Dodging skill increases to level 1!
You hit the gnoll.
You kill the gnoll!
* * * LOW HITPOINT WARNING * * *
You feel very sick.
Unknown command.
* * * LOW HITPOINT WARNING * * *
You feel very sick.
Things that are here:
a +0 trident of venom; a +0 scale mail; a +0 kite shield
Okay, then.
Found a scroll of teleportation.
* * * LOW HITPOINT WARNING * * *
You feel very sick.
Unknown command.
You don't know any spells.
You die...

#...........#
#.#.#♣§♣♣.♣.♣..♣P♣.
#...........###...#P§
♣♣♣....♣..P
#..............##.##
♣♣♣♣.P.PP♣.
#....###.......#
....♣♣..♣.♣P...♣ #....#
#.....).# ##....♣.♣##...#
......).# #.....#.....
......))###########....†..
.....##........#######...#
####. #.#@..##...........#
#. #.#...# ###+###'##
..+...# .......#..
####.!.# .......#.. .?..+
###+###'.. ##.## +...+.#..
.# #...#.#.. .. #._.#.'##
#...#.#..


There were no monsters in sight!

Vanquished Creatures
  Grinder (D:4)
  Sigmund (D:3)
  A water moccasin (D:5)
  An ice beast (D:5)
  2 black bears
  An ogre (D:4)
  A phantom (D:5)
  A necrophage (D:2)
  A gnoll sergeant (D:5)
  A scorpion (D:5)
  A howler monkey (D:5)
  A jelly (D:4)
  An orc priest (D:5)
  A hound (D:4)
  3 gnolls (D:5)
  6 adders
  4 river rats (D:5)
  A worm (D:4)
  3 dart slugs
  9 orcs
  5 bats
  5 endoplasms
  4 giant cockroaches
  8 goblins
  5 hobgoblins
  6 jackals (D:1)
  5 quokkas
  8 ball pythons
  4 frilled lizards
  12 kobolds
  5 rats
108 creatures vanquished.

Vanquished Creatures (others)
  11 plants
11 creatures vanquished.

Grand Total: 119 creatures vanquished

Notes
Turn   | Place    | Note
-------+----------+-------------------------------------------
     0 | D:1      | SensoryNuts the Demonspawn Fighter began the quest for the
                  | Orb.
     0 | D:1      | Reached XP level 1. HP: 18/18 MP: 1/1
   207 | D:1      | Reached skill level 2 in Axes
   237 | D:1      | Gained mutation: You are partially covered in molten
                  | scales. (AC +2) [demonic ancestry]
   237 | D:1      | Reached XP level 2. HP: 22/24 MP: 2/2
   731 | D:1      | Reached XP level 3. HP: 22/29 MP: 3/3
  2410 | D:2      | Gained mutation: Your body sometimes deteriorates upon
                  | taking damage. [potion of mutation]
  2410 | D:2      | Gained mutation: Your skin changes colour to match your
                  | surroundings (Stealth+). [potion of mutation]
  2433 | D:3      | Noticed Sigmund
  2434 | D:3      | Noticed a necrophage
  2577 | D:3      | Reached skill level 3 in Axes
  2725 | D:3      | Gained mutation: You have a pair of small horns on your
                  | head. [demonic ancestry]
  2725 | D:3      | Reached XP level 4. HP: 29/35 MP: 4/4
  2947 | D:2      | Killed a necrophage
  2948 | D:2      | Gained mutation: You have a pair of horns on your head.
                  | [demonic ancestry]
  2948 | D:2      | Reached XP level 5. HP: 2/41 MP: 5/5
  4071 | D:3      | Killed Sigmund
  4072 | D:3      | Reached skill level 4 in Axes
  4072 | D:3      | Gained mutation: You have a pair of large horns on your
                  | head. [demonic ancestry]
  4072 | D:3      | Reached XP level 6. HP: 39/47 MP: 6/6
  4439 | D:4      | Reached skill level 5 in Axes
  4699 | D:4      | Reached XP level 7. HP: 15/53 MP: 7/7
  4915 | D:4      | Found a runed translucent gate.
  4916 | D:4      | Found a runed translucent gate.
  4917 | D:4      | Found a runed translucent gate.
  4918 | D:4      | Noticed Pooter's ghost (novice MiMo)
  4995 | D:4      | Found a stormy altar of Qazlal.
  5022 | D:4      | Found a broken altar of Ashenzari.
  5054 | D:4      | Noticed Grinder
  5085 | D:4      | Killed Grinder
  5086 | D:4      | Reached skill level 6 in Axes
  5468 | D:4      | Found a bloodstained altar of Trog.
  5652 | D:4      | Found an ornate altar of the Wu Jian Council.
  5652 | D:4      | Found a sacrificial altar of Ru.
  5750 | D:5      | Entered Level 5 of the Dungeon
  6156 | D:5      | Found a blossoming altar of Fedhas.
  6225 | D:5      | Reached XP level 8. HP: 52/60 MP: 6/8
  6557 | D:5      | Found a hide-covered altar of Uskayaw.
  6561 | D:5      | Noticed a +0 dagger
  6562 | D:5      | Noticed a +0 hand axe
  6571 | D:5      | Reached skill level 7 in Axes
  6847 | D:5      | Reached skill level 1 in Dodging
  6849 | D:5      | HP: 1/60 [poisoned by a gnoll sergeant]
  6850 | D:5      | Succumbed to a gnoll sergeant's poison

Illustrated notes

Levels and vault maps discovered:
D:1:      wander_arrival_desolate, layout_basic
D:2:      layout_basic
D:3:      layout_rooms, serial_bayou_ford_a, uniq_sigmund
D:4:      layout_loops_ring, trog_hazing_becter, nicolae_ashenzari_skybound,
          old_standard_altar, mainiacjoe_overflow_surrounded_room,
          gammafunk_temple_overflow_wave, gammafunk_ghost_split, uniq_grinder
D:5:      wad_woods_stonehenge, layout_basic, dancing_weapons_uskayaw,
          mainiacjoe_overflow_24_doors

Skill      XL: |  1  2  3  4  5  6  7  8 |
---------------+-------------------------+-----
Axes           | 2 3 4 5 6 7 |  7.7
Armour         | 3 4 |  4.6
Shields        | 3 4 |  4.0
Fighting       | 4 |  4.3
Dodging        | 1 |  1.0

Action                   |  1- 3 |  4- 6 |  7- 9 || total
-------------------------+-------+-------+-------++-------
Melee: War axe           |   128 |    56 |   133 ||   317
       Headbutt          |       |    14 |    15 ||    29
  Use: Scroll            |     4 |     1 |     2 ||     7
       Potion            |     3 |     1 |       ||     4
Armor: Scale mail        |    78 |     5 |       ||    83
       Plate armour      |       |    50 |    88 ||   138
Dodge: Dodged            |    55 |    17 |    22 ||    94
Block: Buckler           |    15 |       |       ||    15
       Kite shield       |    36 |    22 |    64 ||   122
